AoeStats
← CrazyBen

African Clearing

506667742Analyzed
4v4 RM · 18d ago on Sep 14, 2026· 42m 30s· 8 players
Game mode
Random Map
Map size
Large (8 player)
Population
200
Speed
Normal
Resources
Standard
Victory
Conquest
Starting age
Dark Age
Ending age
Imperial Age
RankedLock teamsTeams togetherTeam positionsShared explorationLock speedFull tech treeHidden civsTurbo modeCheats
Victory
Defeat
🇦🇷 Burmese · Argentina
1590
+10
🇨🇳 Persians · China
1586
+10
🇧🇷 Berbers · Brazil
1464
+15
🇮🇳 Romans · India
1458
+16
🇫🇷 Japanese · France
1483
-14
🇲🇦 Khmer · Morocco
1474
-14
🇹🇷 Persians · Türkiye
1455
-13
🇹🇷 Mongols · Türkiye
1391
-10
CrazyBen
12:49 Feudal Age
11:07 Loom
17:00 Castle Age
15:41 Double-Bit Axe
18:42 Horse Collar
19:47 Bow Saw
wayneid
5:21 Loom
14:21 Feudal Age
17:41 Castle Age
16:35 Double-Bit Axe
19:09 Bow Saw
20:10 Horse Collar
22:43 Stone Mining
24:35 Wheelbarrow
30:02 Bloodlines
30:54 Husbandry
31:16 Hand Cart
32:27 Town Watch
32:56 Gold Mining
33:26 Heavy Plow
37:41 Imperial Age
37:11 Scale Barding Armor
38:15 Stone Shaft Mining
38:15 Gold Shaft Mining
38:21 Double Crossbow
39:25 Chemistry
39:20 Conscription
39:14 Elite Ballista Elephant
CBRM
2:48 Loom
12:21 Feudal Age
12:54 Double-Bit Axe
13:57 Horse Collar
19:03 Scale Barding Armor
22:18 Wheelbarrow
23:30 Fletching
29:04 Castle Age
27:53 Padded Archer Armor
29:24 Elite Skirmisher
30:40 Bow Saw
32:51 Bodkin Arrow
34:12 Ballistics
37:56 Masonry
KhanShinnok
5:16 Loom
12:38 Feudal Age
13:00 Horse Collar
13:16 Double-Bit Axe
24:50 Castle Age
24:02 Gold Mining
24:02 Stone Mining
25:51 Fletching
26:36 Bodkin Arrow
27:32 Padded Archer Armor
28:16 Bow Saw
30:21 Heavy Plow
31:13 Wheelbarrow
31:57 Leather Archer Armor
33:09 Ballistics
33:37 Bloodlines
43:21 Gold Shaft Mining
43:06 Hand Cart
42:37 Town Watch
Perseu
10:54 Loom
13:19 Feudal Age
17:27 Castle Age
16:04 Double-Bit Axe
16:57 Fletching
18:55 Bow Saw
20:10 Bodkin Arrow
20:36 Gold Mining
25:08 Ballistics
28:38 Padded Archer Armor
30:47 Wheelbarrow
30:40 Horse Collar
35:06 Imperial Age
32:56 Stone Mining
35:50 Hand Cart
36:21 Bloodlines
36:52 Scale Barding Armor
36:30 Heavy Camel Rider
38:55 Chain Barding Armor
38:55 Husbandry
39:09 Forging
40:19 Plate Barding Armor
40:44 Maghrebi Camels
42:00 Iron Casting
啥牌子的
3:46 Loom
13:01 Feudal Age
17:04 Castle Age
15:27 Double-Bit Axe
17:11 Town Watch
18:02 Wheelbarrow
22:12 Horse Collar
25:54 Gold Mining
27:07 Stone Mining
27:36 Heavy Plow
30:00 Bow Saw
34:45 Imperial Age
32:06 Fishing Lines
33:08 Gillnets
35:33 Cavalier
36:14 Husbandry
36:24 Bloodlines
36:21 Scale Barding Armor
36:26 Forging
37:57 Gold Shaft Mining
37:56 Chain Barding Armor
37:46 Forging
37:50 Savar
39:33 Plate Barding Armor
40:14 Iron Casting
40:16 Stone Shaft Mining
40:13 Crop Rotation
vidsag
12:31 Feudal Age
13:05 Loom
15:15 Double-Bit Axe
17:38 Castle Age
26:23 Bow Saw
26:54 Horse Collar
28:21 Wheelbarrow
27:31 Town Watch
31:54 Hand Cart
32:18 Heavy Plow
39:23 Imperial Age
39:59 Scale Mail Armor
40:23 Ballistics
39:28 Heavy Scorpion
41:45 Siege Engineers
42:29 Ballistas
FutureEwe5582
11:39 Loom
13:24 Feudal Age
17:58 Castle Age
29:46 Padded Archer Armor
29:37 Fletching
30:40 Gold Mining
33:28 Gold Shaft Mining
33:21 Horse Collar
34:18 Herbal Medicine
34:22 Town Watch
36:44 Ballistics
37:10 Bodkin Arrow
37:26 Stone Mining
38:42 Wheelbarrow
43:07 Imperial Age
40:54 Hand Cart
41:47 Bloodlines
41:38 Husbandry
41:42 Heavy Plow
Connection lost

Rejoining the realm…

Still unreachable

The connection could not be restored.

Session expired

The server has moved on; the page needs a fresh start.